Cogmind - Beta 17.1 @@@ ROGUE MODE // 2026.08.25 @ 16:48:51 Player: obl-vn Result: Destroyed by G-34 Mercenary with Small Laser Performance ------------- Evolutions (0) 0 Regions Visited (1) 200 Robots Destroyed (20) 100 Value Destroyed (314) 314 Prototype IDs (1) 20 Alien Tech Used (0) 0 Bonus (5150) 5150 TOTAL SCORE: 5784 Bonus ------- Prayed to X0-1V1 5000 Major X0-1V1 Interference 150 Cogmind --------- Core Integrity 0/100 Matter 298/300 Energy 250/250 System Corruption 0% Temperature Cool (6) Movement Treading (160) Location -10/Materials Parts ------- > --- POWER (1) -------- Ion Engine > --- PROPULSION (2) --- Light Treads Light Treads > --- UTILITY (2) ------ Large Storage Unit Self-contained Transmogrifier > --- WEAPON (2) ------- EM Pulse Gun > --- INVENTORY (15) --- Light Treads Light Treads Light Treads Light Treads Light Treads Wheel Wheel Compact Wheel Core Shielding X0-1V1's Piety Tracker Peak State ------------ > --- POWER ------------ Ion Engine > --- PROPULSION ------- Light Treads Light Treads > --- UTILITY ---------- Large Storage Unit Self-contained Transmogrifier > --- WEAPON ----------- EM Pulse Gun > --- INVENTORY -------- Light Treads Light Treads Light Treads Light Treads Light Treads Wheel Wheel Compact Wheel Core Shielding X0-1V1's Piety Tracker [Rating: 16] Favorites ----------- Power Ion Engine Engine Ion Engine Propulsion Light Treads Treads Light Treads Utility Targeting Computer Device Self-contained Transmogrifier Storage Medium Storage Unit Processor Targeting Computer Weapon EM Pulse Gun Energy Gun EM Pulse Gun Build | -11 -10 ------- Run | Yrd Mat Slots Evolved . | . . Power . | . . Propulsion . | . . Utility . | . . Weapon . | . . Parts Attached 10 | 5 5 Power 2 | 1 1 Engine 2 | 1 1 Core . | . . Reactor . | . . Propulsion 2 | 2 . Treads 2 | 2 . Leg . | . . Wheel . | . . Hover . | . . Flight . | . . Utility 4 | . 4 Device . | . . Storage 2 | . 2 Processor 2 | . 2 Hackware . | . . Protection . | . . Artifact . | . . Weapon 2 | 2 . Energy Gun 2 | 2 . Energy Cannon . | . . Ballistic Gun . | . . Ballistic Cannon . | . . Launcher . | . . Special Weapon . | . . Impact Weapon . | . . Slashing Weapon . | . . Piercing Weapon . | . . Special Melee Weapon . | . . Unidentified Prototypes . | . . Parts Lost 1 | . 1 Power . | . . Propulsion . | . . Utility . | . . Weapon 1 | . 1 Highest Loss Streak 1 | . 1 To Critical Strikes . | . . Average Backups 5 | . 6 Power . | . . Propulsion 4 | . 5 Utility . | . 1 Weapon . | . . Tool/Special . | . . Unused Backups 9 | . 9 Power . | . . Propulsion 8 | . 8 Utility 1 | . 1 Weapon . | . . Tool/Special . | . . Average Slot Usage (%) 94 | . 94 Engine 14 | . 14 Treads 27 | . 27 Storage 8 | . 8 Processor 16 | . 16 Energy Gun 25 | . 25 Peak Build Rating 16 | 5 16 Average Rating 6 | 4 6 On Entrance 2 | . 5 Avg Prop Armor Cover (%) . | . . Naked Turns . | . . Heaviest Build 29 | 9 29 Greatest Support 40 | 40 40 Greatest Overweight (x) 2 | . 2 Average Overweight (x) . | . . Largest Inventory Capacity 15 | 5 15 Average Capacity 9 | 5 9 Most Carried 10 | 2 10 Average Carried 5 | . 6 Final Capacity 15 | 5 15 Final Carried 10 | 2 10 Class Distribution -------------------- 100% | Mutant Dominant Class ---------------- Mutant | -10/Materials Resources | -11 -10 ----------- Run | Yrd Mat Matter Collected 343 | 250 93 Remotely . | . . Salvage Created 538 | . 538 Parts 39 | . 39 Haulers Intercepted 2 | . 2 Recyclers Shooed . | . . Parts Field Recycled . | . . Retrieved Matter . | . . Parts Self-Destructed . | . . Prevented . | . . Parts Restored . | . . Kills | -11 -10 ------- Run | Yrd Mat Combat Hostiles Destroyed 13 | . 13 Guns 10 | . 10 AOE 2 | . 2 Classes Destroyed 7 | . 7 Worker 2 | . 2 Tunneler 1 | . 1 Hauler 2 | . 2 Operator 1 | . 1 Watcher 1 | . 1 Swarmer 9 | . 9 Grunt 4 | . 4 Best Kill Streak 7 | . 7 Combat Bots Only 5 | . 5 Max Kills in Single Turn 2 | . 2 Gunslinging . | . . Exploded 2 | . 2 Melee . | . . Uniques/NPCs Destroyed . | . . Combat | -11 -10 -------- Run | Yrd Mat Hostile Shots Fired 58 | . 58 Missed 16 | . 16 Hits 42 | . 42 Projectile 42 | . 42 Damage Taken 432 | . 432 Core 107 | . 107 Absorbed by Shields . | . . Regen/Repaired (Parts) 36 | . 36 Core Remaining (%) 100 | 100 . Volleys Fired 36 | . 36 Largest 2 | . 2 Hottest 80 | . 80 Shots Fired 66 | . 66 Gun 66 | . 66 Cannon . | . . Launcher . | . . Special . | . . Kinetic . | . . Thermal . | . . Explosive . | . . Electromagnetic 66 | . 66 Robot Hit Streak 9 | . 9 Robot Miss Streak 3 | . 3 Penetration Max . | . . Secondary Targets 2 | . 2 Max Gunslinging Chain 1 | . 1 Shots Hit Robots 44 | . 44 Core Hits 25 | . 25 Critical Kills . | . . Critical Parts Destroyed . | . . Critical Strikes . | . . Melee Attacks . | . . Impact . | . . Slashing . | . . Piercing . | . . Sneak Attacks . | . . Combat Hostiles . | . . Follow-up Attacks . | . . Damage Inflicted 872 | . 872 Guns 586 | . 586 Cannons . | . . Explosions 286 | . 286 Melee . | . . Ramming . | . . Kinetic . | . . Thermal 286 | . 286 Explosive . | . . Electromagnetic 586 | . 586 Impact . | . . Slashing . | . . Piercing . | . . Highest Corruption . | . . Average Corruption . | . . Corruption Purged . | . . Corruption Blocked . | . . Overload Shots . | . . Overflow Damage . | . . Projectiles . | . . Explosions . | . . Melee . | . . Knockbacks . | . . Impact . | . . Kinetic . | . . Secondary . | . . Self-Inflicted Damage 30 | . 30 Shots 1 | . 1 Rammed 1 | . 1 Targets Rammed 1 | . 1 Kicked . | . . Crushed . | . . Highest Temperature 201 | . 201 Average Temperature 76 | . 76 Received Heat Transfer 123 | . 123 Effects 1 | . 1 Energy Bleed 1 | . 1 Siege Activations . | . . Martial Activations . | . . Shielding Activations . | . . Robots Disrupted . | . . Combat Hostiles . | . . Robots Corrupted 1 | . 1 Combat Hostiles 1 | . 1 Parts Fried 2 | . 2 Impact Corruptions . | . . Robots Melted . | . . Combat Hostiles . | . . Parts Melted . | . . Heat Transferred 350 | . 350 Parts Sabotaged . | . . Parts Stolen . | . . Parts Stripped . | . . Power Chain Reactions 4 | . 4 Alert | -11 -10 ------- Run | Yrd Mat Maximum Alert Level . | . . Low Security (%) 100 | 100 100 Level 1 . | . . Level 2 . | . . Level 3 . | . . Level 4 . | . . Level 5 . | . . High Security . | . . Max Security . | . . Peak Influence 176 | . 176 Initial . | . . Average 86 | . 93 Influence Increases 428 | . 428 Destroy 0b10 Robot/C 260 | . 260 Destroy 0b10 Robot/NC 35 | . 35 Destroy Leader 56 | . 56 Successful Hack 24 | . 24 Disable Machine 45 | . 45 Destroy Structure 8 | . 8 Influence Decreases 348 | . 348 Time Decay 338 | . 338 Lost Part 10 | . 10 Squads Dispatched 1 | . 1 Investigation . | . . Extermination . | . . Reinforcement 1 | . 1 Assault . | . . Garrison . | . . Intercept . | . . Searches Triggered . | . . Construction Impeded . | . . Haulers Reinforced . | . . Active Scanning Responses . | . . Cargo Convoy Interrupts . | . . Stealth | -11 -10 --------- Run | Yrd Mat Distress Signals 2 | . 2 Communications Jammed . | . . Distress Signals . | . . Times Spotted 24 | . 24 Peak Tracking Total 7 | . 7 Tactical Retreats . | . . Traps | -11 -10 ------- Run | Yrd Mat Traps Triggered 1 | . 1 Indirectly . | . . Trap Hack Attempts . | . . Triggered . | . . Disarmed . | . . Reprogrammed . | . . Reused . | . . Traps Extracted . | . . Installed . | . . Triggered . | . . Machines | -11 -10 ---------- Run | Yrd Mat Machines Disabled 3 | . 3 Max in Single Turn 1 | . 1 Machines Repaired . | . . Machines Dismantled . | . . Machines Sabotaged . | . . Overloaded Fab Kills . | . . Hacking | -11 -10 --------- Run | Yrd Mat Machines Accessed 6 | . 6 Terminals 5 | . 5 Fabricators . | . . Repair Stations 1 | . 1 Recycling Units . | . . Scanalyzers . | . . Garrison Access . | . . Total Hacks 17 | . 17 Successful 11 | . 11 Failed 6 | . 6 Catastrophic 1 | . 1 Database Lockouts . | . . Manual 12 | . 12 Terminals 15 | . 15 Fabricators . | . . Repair Stations 2 | . 2 Recycling Units . | . . Scanalyzers . | . . Garrison Access . | . . Terminal Hacks 3 | . 3 Robot Analysis 1 | . 1 Locate Traps 2 | . 2 Fabricator Hacks . | . . Repair Station Hacks 2 | . 2 Scan Component 1 | . 1 Repair 1 | . 1 Recycling Unit Hacks . | . . Scanalyzer . | . . Garrison Access Hacks . | . . Unauthorized Hacks 6 | . 6 Terminals 6 | . 6 Botnet 1 | . 1 Skim 5 | . 5 Fabricators . | . . Repair Stations . | . . Recycling Units . | . . Scanalyzers . | . . Garrison Access . | . . Data Cores Recovered . | . . Used . | . . Hacking Detections 4 | . 4 Full Trace Events . | . . Feedback Events . | . . Feedback Blocked . | . . Robot Schematics Acquired . | . . Robots Built . | . . Authchips . | . . Time . | . . Total Robot Build Rating . | . . Part Schematics Acquired . | . . Parts Built . | . . Authchips . | . . Time . | . . Total Part Build Rating . | . . Part Studies Acquired . | . . Parts Repaired 1 | . 1 Time 26 | . 26 Parts Recycled . | . . Recycled Matter . | . . Retrieved Matter . | . . Retrieved Components . | . . Parts Scanalyzed . | . . Part Schematics Acquired . | . . Parts Damaged . | . . Bothacking | -11 -10 ------------ Run | Yrd Mat Used RIF Installer . | . . Robots Hacked . | . . Non-combat . | . . Combat . | . . Robot Hacks Applied . | . . Relay Couplers Released . | . . Fabnet Peak Effective % . | . . Robots Rewired . | . . Allies Hacked . | . . Hacks Repelled . | . . Allies | -11 -10 -------- Run | Yrd Mat Total Allies . | . . Largest Group . | . . Highest-Rated Group . | . . Highest-Rated Ally . | . . Total Orders . | . . Ally Attacks . | . . Total Damage . | . . Kills . | . . Allies Corrupted . | . . Allies Melted . | . . X0-1V1 Amusement Gains 15 | . 15 Average Entertainment 30 | . 30 Bad Acts 1 | . 1 Intel | -11 -10 ------- Run | Yrd Mat Active Infowar (turns) . | . . Robot Analysis Total 1 | . 1 Derelict Logs Recovered . | . . Drone Launches . | . . Drone Recoveries . | . . Exploration | -11 -10 ------------- Run | Yrd Mat Turns Passed 1152 | 83 1069 Spaces Moved 564 | 49 515 Core 4 | 3 1 Treads 560 | 46 514 Legs . | . . Wheels . | . . Hover . | . . Flight . | . . Fastest Speed 50 | 50 150 Average Speed 159 | 153 159 Slowest Speed 160 | 160 160 Overloaded Moves . | . . Propulsion Burnouts . | . . Robots Hopped . | . . Potential Cave-ins . | . . Cave-ins Triggered . | . . Exploration Rate (%) 49 | 4 95 Regions Visited 1 Branch Regions . Pre-discovered Areas . | . . Known Exits Taken . | . . Unknown Exits Taken 1 | 1 . Scrap Searched . | . . Spaces Dug . | . . Terrain Destroyed 8 | . 8 Melee . | . . Projectile . | . . AOE 8 | . 8 Terrain Rammed . | . . Walls Destroyed . | . . Machines Disabled . | . . Actions | -11 -10 --------- Run | Yrd Mat Total 748 | 55 693 Wait 118 | . 118 Move 563 | 48 515 Hop . | . . Pick Up 10 | 2 8 Fast Attach 12 | 5 7 Attach 1 | . 1 Detach 1 | . 1 Swap 2 | . 2 Drop 4 | . 4 Fire 36 | . 36 Melee . | . . Ram . | . . Kick . | . . Crush 1 | . 1 Escape Stasis . | . . Rewire . | . . Trap . | . . Miscellaneous . | . . Route ------- -11/Scrapyard -10/Materials (discovered 6 exits: *Mat x3 / [*Min x2] / Sub) History --------- Turn | Location | Event 6 | -11/Scrapyard | Discovered new exit (range 16) 84 | -11/Scrapyard | Entered Materials 314 | -10/Materials | Build established: Mutant 315 | -10/Materials | Discovered new exit (range 9) 444 | -10/Materials | Discovered new exit (range 11) 525 | -10/Materials | Repaired EM Pulse Gun 623 | -10/Materials | Discovered new exit (range 13) 745 | -10/Materials | Discovered new exit (range 11) 769 | -10/Materials | Identified exit to Materials 878 | -10/Materials | Identified exit to Subcaves 878 | -10/Materials | Learned location of 1 exit from Materials 916 | -10/Materials | Learned 2 Mines zone layouts 942 | -10/Materials | Learned location of 2 exits from Materials 958 | -10/Materials | Learned Storage emergency access door positions 963 | -10/Materials | Learned 2 Mines zone layouts 980 | -10/Materials | Loaded intel: 2 recycling unit locations 1008 | -10/Materials | Learned location of 1 exit from Storage 1048 | -10/Materials | Learned 2 Storage zone layouts 1097 | -10/Materials | Learned 2 Mines zone layouts 1123 | -10/Materials | Made a sacrifice at D.C.S.S. Altar Unit 1123 | -10/Materials | Forcibly received Sfc. Transmogifier from X0-1V1 1124 | -10/Materials | Core integrity fell below 50% 1124 | -10/Materials | Core integrity fell below 20% 1149 | -10/Materials | X0-1V1 sent hostile G-34 Mercenary (x3) 1153 | -10/Materials | Destroyed by G-34 Mercenary with Small Laser Last Messages --------------- Assault Rifle. 01003_ K-01 Serf collects debris. 01008_ >> SKIM: Stored Storage exits (x1). 01016_ Acquired Wheel. 01048_ >> SKIM: Stored Storage zone layouts (x2). 01097_ >> SKIM: Stored Mines zone layouts (x2). 01097_ >> SKIM: Data seek routine purged. 01122_ Connecting with D.C.S.S. Altar Unit... 01122_ Discarded Targeting Computer. 01123_ Connecting with D.C.S.S. Altar Unit... >>sacrifice An interesting new toy? 01124_ Acquired Prototype Device. 01143_ K-01 Serf collects debris. 01149_ X0-1V1: "Some new friends to play with." G-34 Mercenary form resolidifies at new position. 01150_ K-01 Serf collects debris. 01153_ X0-1V1 bursts into laughter! Map ----- +----------------------------------------------------+ | +######?????#### # % %= | | #?????????????# ^^ # %|%= | | #?????????????# ^ # ####"#####+###/######## | | #?????????????# # ## # # ## | | ##????????????######## #### # """ ""## | | #???????????????????# ##?# # """ T"## | | " #???????????????????# T#?# # """ ""## | | #????????#######????# ##?# # ## | | ###???????## #????# #??# # ## | | ??????????#X ###### #??# # ## | | ??????????## # ## #??# # ## | | ???????????# # ## !#??# ############ | | ##########?## ## %#??# #??????????# | | + ! #?># # ## k #### #??????????# | | # #??###### ## ##########?#####??### | | # !!! #???????# #?????????? ?? # | | + !!! #???????# T #?????????#"" ""? # | | # !! #???????# #?????????#"" """ # | | # #???????###### #?????????#"T """ # | | + #????????????## gg##?????????#"" # | | # #?????????????#g #??????????#"" """ # | | # #?????????????# #??????????# """ # | | #####+#######??????????# #??????????#[ """ # | | # #??????????# #??????????# # | | + #??????????# #??????????#######+## | | # #??????????# @ #??????????????# | | # ! #??????????# #??????????????# | | # #??????????# < #??????????????# | | #"" #??????????# #??????????????#+#+#### | | #"Y #??????????#####??????????????? ?? | | #"" #???????????????????????????? | | #+## # #???????????????????????????# | | # ######???????????????????????????# | | " #####????????????????????????????????# """ """ | | " #????????????????????????????????????# """ """ | | " #????????????????????????????????????# """ """ | | #????????????????????????????????????# | | #????????????????????????????????????#???###??? | | ###??????????????????????????????????????????????? | | | | | | | | | | | | | | | | | | | | | | | +----------------------------------------------------+ Best States ------------- Heat Dissipation 25 Energy Generation 10 Energy Capacity 250 Matter Stores 300 Matter Capacity 300 Sight Range 16 Terrain Scan Density 10 Evasion (%) 40 Targeting Accuracy 10 Recoil Reduction 2 Item Schematics ----------------- None Robot Schematics ------------------ None Fabricated ------------ Nothing Repaired ---------- EM Pulse Gun | 20% | -10/Materials Studied --------- None Alien Tech Used ----------------- None Achievements -------------- None Challenges ------------ None Game ------ Seed ChainZioniteBoregun Manual? 0 Play Time 00:08:05 Cumulative 223.1 hours Start 2026.08.25 @ 16:40:22 End 2026.08.25 @ 16:48:51 Sessions 1 Manual Loads 0 Difficulty Rogue Special Mode None Game No. 146 Rogue 146 Adventurer 0 Explorer 0 Win Type - Total 4 Types 2/0/0/1/0/0/0/1/0/0 Lore% 57 Gallery% 72 Achievement% 55 Wizard Run 0 Options --------- Layout 2 ASCII 0 Keyboard 0 Movement Mouse Keybinds 0 Fullscreen 1 Font 32/SmallcapsGlow Map View 50x44 Zoom Use 0% Tactical HUD 1 Map Filters NONE Filters NONE Steam 1 RUN: 3f8c0b39-fe8b-4751-9f7f-23b67d274b57